 Dungeon Crawl Stone Soup version 0.15.2 (webtiles) character file.

104 GhostOklob the Cudgeler (level 4, -4/40 HPs)
             Began as a Deep Dwarf Berserker on Nov 7, 2015.
             Was a Believer of Trog.
             Slain by a gnoll
             ... wielding a +0 spear
              (9 damage)
             ... on Level 2 of the Dungeon.
             The game lasted 00:02:01 (1496 turns).

GhostOklob the Cudgeler (Deep Dwarf Berserker)      Turns: 1496, Time: 00:02:01

HP  -4/40        AC  3     Str 20      XL: 4   Next: 52%
MP   3/3         EV 11     Int  8      God: Trog [**....]
Gold 75          SH  0     Dex 13      Spells:  0 memorised,  3 levels left

rFire  . . .     SeeInvis .     a - +0 mace
rCold  . . .     Clarity  .     e - +0 leather armour
rNeg   . . .     rCorr    .     (no shield)
rPois  .         rRot     .     (no helmet)
rElec  .         Spirit   .     (no cloak)
SustAb .         Warding  .     (no gloves)
rMut   .         Stasis   .     (no boots)
Gourm  .                        (no amulet)
MR     .....                    (no ring)
                                (no ring)

@: exhausted, non-regenerating, slowed, very slow, not resistant to hostile
enchantments, very unstealthy
A: damage resistance, recharge devices, sense surroundings 1, slow healing 3
a: Device Recharging, Burn Spellbooks, Berserk, Trog's Hand, Renounce Religion


You were on level 2 of the Dungeon.
You worshipped Trog.
Trog was pleased with you.
You were very hungry.

You visited 1 branch of the dungeon, and saw 2 of its levels.

You collected 75 gold pieces.


Innate Abilities, Weirdness & Mutations

You are resistant to damage.
You can recharge devices by infusing magical energy.
You passively map a small area around you.
You do not heal naturally.


   Skills:
 - Level 2.6 Fighting
 + Level 5.3 Maces & Flails
 - Level 2.1 Armour
 - Level 2.1 Dodging


You had 3 spell levels left.
You didn't know any spells.

Inventory:

Hand weapons
 a - a +0 mace (weapon)
Armour
 b - a +0 animal skin
 e - a +0 leather armour (worn)
Magical devices
 c - a wand of heal wounds (4) {!d@v2}
Comestibles
 d - 4 bread rations
 f - a meat ration
 o - a slice of pizza
 q - 2 chunks of hobgoblin flesh
Scrolls
 g - 3 scrolls of identify {unknown}
 i - 2 scrolls of remove curse {unknown}
 j - a scroll of fear {unknown}
 k - a scroll of magic mapping {unknown}
 l - 2 scrolls of noise {unknown}
 n - a scroll of immolation {unknown}
Jewellery
 p - an uncursed ring of flight {unknown}
Potions
 h - a potion of invisibility {unknown}
 m - a potion of heal wounds {unknown}
 r - a potion of might {unknown}

Dungeon Overview and Level Annotations

Branches:
Dungeon (2/15)

Altars:
Makhleb

.* #...# #.#.#.# # #.#
#...#######.#.#.# , #.#
#...##........#.#
####.#***
#...##.....)..#.#
......, ,
#....+........#.#
.....# **
#...##........#.#
.....#
#.gg#####..<....#
.....# * #g# #.......#
.....######## #g#
#.......# ###.).......#
#(# #.......#
#...#######.# #.#
#####.#.# #.#># #.#
#.#### #.#.# ..#.#
#.####....######.#.#
#.#.####
#.............(..#.####
#......#
#########.########.....
#.#.##.####.........#
#....####
#.#.#.....#.#########
#.##.#


You could see 3 gnolls.


Message History

The gnoll barely misses you. x2
The gnoll hits you from afar with a spear.
The gnoll closely misses you. The gnoll hits you with a spear!
The gnoll hits you from afar with a spear.
The gnoll hits you but does no damage.
You hit the gnoll.
The gnoll is lightly wounded.
The gnoll barely misses you.
The gnoll hits you from afar with a spear.
The gnoll barely misses you. The gnoll closely misses you.
You hit the gnoll.
The gnoll is heavily wounded.
The gnoll hits you from afar with a spear.
The gnoll barely misses you. The gnoll hits you with a spear!
* * * LOW HITPOINT WARNING * * *
The gnoll hits you from afar with a spear.
* * * LOW HITPOINT WARNING * * *
The gnoll hits you from afar with a spear.
The gnoll barely misses you.
Evoke which item? (* to show all) (? for menu, Esc to quit)
This wand has no charges.
You are too injured to fight recklessly!
Use which ability? (? or * to list) Charge which item? (? for menu, Esc to quit)
Your wand of heal wounds (0) {!d@v2} glows for a moment and now has 4 charges.
The gnoll hits you but does no damage. x2
The gnoll hits you with a spear.
* * * LOW HITPOINT WARNING * * *
The gnoll hits you from afar with a spear!
You die...

Action                   |  1- 3 |  4- 6 || total
-------------------------+-------+-------++-------
Melee: Mace              |   104 |    64 ||   168
Invok: Berserk           |       |     1 ||     1
       Trog's Hand       |       |     1 ||     1
 Abil: Device Recharging |       |     1 ||     1
Evoke: Wand              |     1 |     4 ||     5
  Eat: Chunk             |       |     2 ||     2

Vault maps used:
D:1:      roderic_octagonal_star, minmay_gold_behind_plants, minivault_19
D:2:      lemuel_coloured_pillars_altar, makhleb_heckhound_becter

Notes
Turn   | Place    | Note
--------------------------------------------------------------
     0 | D:1      | GhostOklob, the Deep Dwarf Berserker, began the quest for the Orb.
     0 | D:1      | Reached XP level 1. HP: 20/20 MP: 1/1
   118 | D:1      | Reached XP level 2. HP: 21/27 MP: 2/2
   312 | D:1      | Reached skill level 4 in Maces & Flails
   318 | D:1      | Acquired Trog's second power
   529 | D:1      | Reached XP level 3. HP: 33/33 MP: 3/3
  1037 | D:2      | Reached XP level 4. HP: 23/40 MP: 4/4
  1040 | D:2      | Found a burning altar of Makhleb.
  1242 | D:2      | Reached skill level 5 in Maces & Flails
  1483 | D:2      | HP: 1/40 [gnoll/spear (5)]
  1496 | D:2      | Slain by a gnoll

Vanquished Creatures
  A hound (D:2)
  A gnoll (D:2)
  A worm (D:2)
  4 giant geckos
  3 oozes
  A ball python (D:2)
  A giant cockroach (D:1)
  4 hobgoblins
  10 jackals
  3 bats
  3 giant newts
  8 goblins
  5 kobolds (D:1)
  2 rats (D:1)
47 creatures vanquished.
